 Dungeon Crawl Stone Soup version 0.18.1-50-g88ac8fd (webtiles) character file.

81019 RepoMan the Scorcher (level 14, -1/111 HPs)
             Began as a Demigod Fire Elementalist on Sept 17, 2016.
             Killed from afar by a deep elf annihilator (42 damage)
             ... with an iron shot
             ... on level 13 of the Dungeon on Sept 19, 2016.
             The game lasted 05:10:54 (29069 turns).

RepoMan the Scorcher (Demigod Fire Elementalist)   Turns: 29069, Time: 05:10:54

Health: -1/111     AC: 22    Str: 18    XL:     14   Next: 85%
Magic:  16/24      EV: 17    Int: 23    God:
Gold:   1422       SH:  0    Dex: 21    Spells: 9 memorised, 8 levels left

rFire  + + +     SeeInvis .     r - +10 long sword "Toittuad" {holy, rElec rPois rF+++ MP-9}
rCold  + + .     Gourm    .     U - +5 ring mail of Faxax {Str+3 Dex+5}
rNeg   . . .     Faith    .     (no shield)
rPois  +         Spirit   .     y - +2 helmet
rElec  +         Dismiss  .     S - +0 cloak
rCorr  .         Reflect  .     Q - +2 pair of gloves
SustAt +         Harm     .     C - +0 pair of boots {run}
MR     +....                    h - amulet of magic regeneration
Stlth  ++........               F - ring of protection from cold
                                t - ring of protection from cold

@: lethally poisoned (-1 -> -2), quick, somewhat resistant to hostile
enchantments, unstealthy
A: slimy green scales 1, high mp 1, sustain attributes
a: no special abilities


You were on level 13 of the Dungeon.
You were hungry.

You visited 4 branches of the dungeon, and saw 24 of its levels.
You also visited: Labyrinth.

You collected 2543 gold pieces.
You spent 1121 gold pieces at shops.

Inventory:

Hand Weapons
 n - a +2 whip of distortion
 r - the +10 long sword "Toittuad" (weapon) {holy, rElec rPois rF+++ MP-9}
   (You bought it in a shop on level 13 of the Dungeon)

   It has been blessed by the Shining One to cause great damage to the undead
   and demons.
   It renders you almost immune to fire.
   It insulates you from electricity.
   It protects you from poison.
   It affects your magic capacity (-9).
 u - the +7 falchion of Accord {freeze, rPois rF+ MP+9 Str-3}
   (You took it off a goblin on level 4 of the Dungeon)

   It has been specially enchanted to freeze those struck by it, causing extra
   injury to most foes and up to half again as much damage against particularly
   susceptible opponents.
   It can also slow down cold-blooded creatures.
   It affects your strength (-3).
   It protects you from fire.
   It protects you from poison.
   It affects your magic capacity (+9).
 J - a +1 blowgun
Missiles
 N - 6 curare-tipped needles
Armour
 y - a +2 helmet (worn)
 C - a +0 pair of boots of running (worn)
 Q - a +2 pair of gloves (worn)
 S - a +0 cloak (worn)
 U - the +5 ring mail of Faxax (worn) {Str+3 Dex+5}
   (You bought it in a shop on level 4 of the Dungeon)

   It affects your strength (+3).
   It affects your dexterity (+5).
Jewellery
 e - the ring of Shaolin {EV+8}
   (You found it on level 7 of the Lair of Beasts)

   [ring of evasion]

   It affects your evasion (+8).
 h - an amulet of magic regeneration (around neck)
 t - a ring of protection from cold (left hand)
 F - a ring of protection from cold (right hand)
 P - a +5 ring of slaying
Wands
 i - a wand of iceblast (0/15)
 s - a wand of heal wounds (4/9)
 B - a wand of digging (15/24)
 G - a wand of acid (8/15)
Scrolls
 b - 2 scrolls of magic mapping
 d - 2 scrolls of holy word
 g - a scroll of blinking
 k - 6 scrolls of recharging
 m - a scroll of fog
 o - 3 scrolls of fear
 q - 10 scrolls of teleportation
 v - a scroll of enchant armour
 w - 2 scrolls of immolation
 D - 2 scrolls of identify
 H - a scroll of summoning
 I - 12 scrolls of remove curse
Potions
 a - 5 potions of ambrosia
 j - 4 potions of cancellation
 l - a potion of magic
 p - 3 potions of agility
 z - 3 potions of cure mutation
 A - a potion of resistance
 R - 4 potions of berserk rage
 T - 6 potions of heal wounds
 V - 4 potions of flight
 X - 3 potions of curing
 Z - 2 potions of haste
Comestibles
 c - 8 bread rations
 f - 10 meat rations
 x - 5 chunks of flesh


   Skills:
 + Level 6.7 Fighting
 - Level 6.9 Long Blades
 + Level 5.8 Armour
 + Level 7.9 Dodging
 - Level 1.7 Stealth
 - Level 10.1 Spellcasting
 - Level 10.5 Conjurations
 * Level 15.1 Fire Magic


You had 8 spell levels left.
You knew the following spells:

 Your Spells              Type           Power        Failure   Level  Hunger
a - Flame Tongue          Conj/Fire      #####        1%          1    None
c - Conjure Flame         Conj/Fire      ######..     1%          3    None
e - Fireball              Conj/Fire      ######....   1%          5    ####...
f - Throw Flame           Conj/Fire      ######       1%          2    None
i - Inner Flame           Hex/Fire       #####...     1%          3    None
m - Mephitic Cloud        Conj/Pois/Air  ####....     8%          3    None
p - Cure Poison           Pois           ##........   14%         2    None
s - Sticky Flame          Conj/Fire      ######..     1%          4    #......
u - Sublimation of Blood  Necr           ##........   14%         2    None


Dungeon Overview and Level Annotations

Branches:
Dungeon (13/15)            Temple (1/1) D:6            Lair (8/8) D:9
 Shoals (0/4) Lair:5       Spider (0/4) Lair:6        Slime (0/6) Lair:7
    Orc (2/2) D:12            Elf (0/3) Orc:2        Vaults (0/5) D:13

Shops:
D:4 [   D:12 (   D:13 (   Orc:2 }[%!

Portals:
Pandemonium: Orc:2


Innate Abilities, Weirdness & Mutations

You have an increased reservoir of magic (+10% MP).
Your attributes are resistant to harm.
You are partially covered in slimy green scales (AC +2).


Message History

The deep elf annihilator blinks!
Casting: Sticky Flame
Confirm with . or Enter, or press ? or * to list all spells.
Aiming: Sticky Flame
Press: ? - help, Shift-Dir - straight line, f - ettin, p - deep elf annihilator
Aim: an ettin, wielding two dire flails (lightly wounded, confused)
The sticky flame hits the ettin.
The ettin is lightly wounded.
The ettin is covered in liquid flames!
The ettin burns!
The deep elf annihilator burns!
The ettin misses you. The ettin hits you with a dire flail!!
The deep elf annihilator casts a spell at you.
The crystal spear hits you!
* * * LOW HITPOINT WARNING * * *
Drink which item? (? for menu, Esc to quit)
You feel much better.
You feel sick.
The ettin burns!
The deep elf annihilator burns!
The deep elf annihilator points at you and mumbles some strange words.
The iron shot hits you!
You die...

#..# #.## #..# #.##
#####..###### #.##
##...........## ###.##
##.............##
#.....
#.......e.......#
#.....
#...............#
#.....
#...............#
######
####.÷..T§.@.......# #
##.......§..C.......# #
......)...............#
#
#####.............>..##
# ............#.....##
# ...####....######## #
...... ##...## #
.###... #....# #.
#....#


You could see a deep elf annihilator (burning), an ettin (confused) and a troll.

Vanquished Creatures
  3 dire elephants (Lair:8)
  The ghost of Kisielow the Scorcher, a journeyman DECj of Vehumet (Lair:7)
  The ghost of Peloso the Blocker, a journeyman MiFi of Okawaru (Lair:3)
  Snorg (D:11)
  3 vault guards (D:13)
  A minotaur (Lab)
  A deep elf high priest (D:13)
  8 hydras
  A catoblepas (Lair:5)
  An anaconda (Lair:8)
  7 orc high priests (Orc:2)
  A tengu warrior (D:12)
  3 wizards (D:13)
  An infernal demonspawn (Orc:2)
  An unseen horror (D:13)
  A torturous demonspawn (Orc:2)
  2 hill giants
  The ghost of letownia the Thaumaturge, a novice OpWz of Gozag (D:8)
  A necromancer (D:13)
  A putrid demonspawn (Orc:2)
  4 orc knights (Orc:2)
  A deep elf mage (D:13)
  3 ugly things
  5 orc sorcerers
  3 cyclopes
  A griffon (Lair:8)
  9 elephants (Lair:8)
  A sixfirhy (Orc:2)
  2 rust devils (Orc:2)
  2 smoke demons (Orc:2)
  A torpor snail (Lair:7)
  A black mamba (Lair:8)
  14 spiny frogs
  5 rime drakes
  A hellwing (Orc:2)
  10 komodo dragons
  A yaktaur (D:13)
  A jumping spider (Lair:6)
  A troll (Orc:2)
  4 two-headed ogres
  Grinder (D:6)
  3 slime creatures (D:13)
  A boulder beetle (Lair:6)
  10 blink frogs
  Sigmund (D:3)
  2 redbacks (Lair:6)
  2 basilisks
  17 humans
  54 yaks
  Grum (Lair:1)
  6 hippogriffs
  A steam dragon (Lair:3)
  A hungry ghost (D:6)
  5 wargs
  Edmund (D:4)
  11 water moccasins
  15 porcupines
  A black bear (D:12)
  7 ice beasts
  38 orc warriors
  2 phantoms
  2 eyes of draining
  3 sky beasts
  A wasp (D:13)
  A necrophage (D:5)
  12 wolves
  3 centaurs
  11 ogres
  14 crocodiles
  4 big kobolds
  17 giant frogs
  A wyvern zombie (D:13)
  A wyvern skeleton (D:12)
  4 scorpions
  15 killer bees
  7 electric eels
  7 howler monkeys
  5 crimson imps
  A centaur zombie (D:9)
  A quasit (D:11)
  2 centaur skeletons
  35 orc priests
  9 hounds
  4 jellies (D:9)
  3 giant frog skeletons
  22 orc wizards
  6 iguanas
  7 worker ants
  Natasha (thrice) (D:3)
  47 sheep
  2 hound skeletons
  A howler monkey zombie (D:9)
  Robin (D:4)
  2 worker ant zombies
  19 gnolls
  12 adders
  13 river rats
  3 shadow imps
  8 oozes
  3 worms
  2 dart slugs
  8 giant geckos
  117 orcs
  4 bats
  4 giant cockroaches
  33 hobgoblins
  10 jackals
  5 quokkas
  3 ball pythons
  2 giant newts (D:2)
  50 goblins
  28 kobolds
  A quokka skeleton (D:4)
  7 rats
  A fungus (Lair:7)
  5 plants
882 creatures vanquished.

Vanquished Creatures (others)
  A crocodile (Lair:1)
  An orc (D:9)
  12 fungi
  7 plants
21 creatures vanquished.

Grand Total: 903 creatures vanquished

Notes
Turn   | Place    | Note
--------------------------------------------------------------
     0 | D:1      | RepoMan the Demigod Fire Elementalist began the quest for the Orb.
     0 | D:1      | Reached XP level 1. HP: 14/14 MP: 5/5
    45 | D:1      | Reached skill level 1 in Conjurations
   160 | D:1      | Reached skill level 3 in Fire Magic
   397 | D:1      | Reached XP level 2. HP: 20/20 MP: 4/7
   401 | D:1      | Learned a level 2 spell: Throw Flame
   736 | D:1      | Reached XP level 3. HP: 20/26 MP: 1/8
  1128 | D:2      | Learned a level 3 spell: Conjure Flame
  1863 | D:2      | Reached XP level 4. HP: 33/33 MP: 8/10
  1984 | D:2      | Reached skill level 4 in Fire Magic
  2181 | D:3      | Found a glowing silver altar of Zin.
  2609 | D:3      | Noticed Sigmund
  2755 | D:4      | Reached XP level 5. HP: 34/38 MP: 6/11
  2763 | D:4      | Learned a level 3 spell: Inner Flame
  2911 | D:4      | Found Hunt's Distillery.
  2919 | D:4      | Bought a potion of curing for 39 gold pieces
  3184 | D:4      | Reached skill level 5 in Fire Magic
  3393 | D:4      | Noticed Robin
  3489 | D:4      | Killed Robin
  3491 | D:4      | Got a crystal falchion {freeze}
  3847 | D:4      | Reached XP level 6. HP: 43/45 MP: 2/13
  3958 | D:4      | Found Rygoav's Antique Armour Emporium.
  4095 | D:4      | Noticed Edmund
  4111 | D:4      | Killed Edmund
  4476 | D:4      | Reached skill level 6 in Fire Magic
  4476 | D:4      | Reached XP level 7. HP: 37/50 MP: 6/15
  4656 | D:4      | Identified the +7 falchion of Accord {freeze, rPois rF+ MP+9 Str-3} (You took it off a goblin on level 4 of the Dungeon)
  4698 | D:5      | Entered Level 5 of the Dungeon
  4980 | D:5      | Noticed a hippogriff
  5002 | D:5      | Killed a hippogriff
  5002 | D:5      | Reached skill level 1 in Long Blades
  5060 | D:5      | Learned a level 4 spell: Sticky Flame
  5442 | D:5      | Reached skill level 7 in Fire Magic
  5526 | D:6      | Found an iron altar of Okawaru.
  5574 | D:6      | Found a staircase to the Ecumenical Temple.
  5578 | Temple   | Entered the Ecumenical Temple
  5617 | D:6      | Reached XP level 8. HP: 36/57 MP: 17/17
  5933 | D:6      | Found a bloodstained altar of Trog.
  6110 | D:6      | Noticed Grinder
  6122 | D:6      | Killed Grinder
  6741 | D:6      | Reached skill level 8 in Fire Magic
  6963 | D:6      | Got a smoking robe
  6964 | D:6      | Identified the cursed +1 robe "Jaschipo" {rElec} (You took it off a goblin on level 6 of the Dungeon)
  7032 | D:6      | Reached skill level 5 in Conjurations
  7397 | D:6      | Reached XP level 9. HP: 57/62 MP: 20/20
  7515 | D:6      | Reached skill level 5 in Spellcasting
  7964 | D:7      | Reached skill level 9 in Fire Magic
  8779 | D:8      | Learned a level 2 spell: Sublimation of Blood
  8916 | D:8      | Found a bloodstained altar of Trog.
  9007 | D:8      | Noticed letownia's ghost (novice OpWz)
  9036 | D:8      | Killed letownia's ghost
  9395 | D:8      | Reached XP level 10. HP: 62/69 MP: 15/22
  9406 | D:8      | Learned a level 5 spell: Fireball
  9801 | D:9      | Reached skill level 5 in Long Blades
 10018 | D:9      | Reached skill level 10 in Fire Magic
 10504 | D:9      | Found a staircase to the Lair.
 10805 | D:10     | Entered Level 10 of the Dungeon
 10930 | D:10     | Noticed a hill giant
 10955 | D:10     | Killed a hill giant
 11368 | D:4      | Bought a dazzling ring mail for 234 gold pieces
 11368 | D:4      | Identified the +5 ring mail of Faxax {Str+3 Dex+5} (You bought it in a shop on level 4 of the Dungeon)
 11437 | D:4      | Bought a potion of lignification for 39 gold pieces
 11437 | D:4      | Bought 2 potions of heal wounds for 130 gold pieces
 11437 | D:4      | Bought a potion of magic for 104 gold pieces
 11437 | D:4      | Bought a potion of flight for 39 gold pieces
 11524 | D:3      | Noticed Natasha
 11528 | D:3      | Killed Natasha
 11545 | D:3      | Noticed Natasha
 11552 | D:3      | Killed Natasha
 11646 | D:3      | Noticed Natasha
 11650 | D:3      | Killed Natasha
 11953 | D:3      | Killed Sigmund
 12087 | Lair:1   | Entered Level 1 of the Lair of Beasts
 12233 | Lair:1   | Noticed Grum
 12256 | D:9      | Reached XP level 11. HP: 49/74 MP: 23/25
 12471 | Lair:1   | Killed Grum
 12471 | Lair:1   | Reached skill level 11 in Fire Magic
 13857 | D:11     | Learned a level 3 spell: Mephitic Cloud
 13860 | D:11     | Learned a level 2 spell: Cure Poison
 14141 | D:11     | Noticed Snorg
 14167 | D:11     | Killed Snorg
 14539 | D:11     | Reached skill level 12 in Fire Magic
 15202 | D:12     | Noticed a tengu warrior
 15207 | D:12     | Killed a tengu warrior
 15444 | D:4      | Bought a potion of curing for 39 gold pieces
 15444 | D:4      | Bought a potion of ambrosia for 104 gold pieces
 15444 | D:4      | Bought a potion of might for 52 gold pieces
 15444 | D:4      | Bought a potion of brilliance for 52 gold pieces
 15454 | D:4      | Gained mutation: You are partially covered in slimy green scales (AC +2). [potion of beneficial mutation]
 16002 | Lair:1   | Reached skill level 1 in Fighting
 16002 | Lair:1   | Reached XP level 12. HP: 55/83 MP: 28/28
 16303 | Lair:2   | Noticed a five-headed hydra
 16312 | Lair:2   | Killed a five-headed hydra
 16590 | Lair:2   | Noticed a five-headed hydra
 16595 | Lair:2   | Killed a five-headed hydra
 16595 | Lair:2   | Reached skill level 5 in Dodging
 17317 | Lair:3   | Reached skill level 13 in Fire Magic
 17635 | Lair:3   | Noticed Peloso's ghost (journeyman MiFi)
 17655 | Lair:3   | Killed Peloso's ghost
 17668 | Lair:3   | Noticed an eight-headed hydra
 17673 | Lair:3   | Killed an eight-headed hydra
 17912 | Lair:3   | Noticed a six-headed hydra
 18243 | Lair:4   | Noticed an eight-headed hydra
 18250 | Lair:4   | Killed an eight-headed hydra
 18412 | Lair:4   | Reached skill level 1 in Armour
 18802 | Lair:5   | Noticed a catoblepas
 18803 | Lair:5   | Found a staircase to the Shoals.
 18813 | Lair:5   | Killed a catoblepas
 19197 | Lair:5   | Reached XP level 13. HP: 96/96 MP: 30/30
 20057 | Lair:6   | Found a hole to the Spider Nest.
 20876 | Lair:7   | Noticed Kisielow's ghost (journeyman DECj)
 20899 | Lair:7   | Killed Kisielow's ghost
 21247 | Lair:7   | Found a staircase to the Slime Pits.
 21266 | Lair:7   | Found a viscous altar of Jiyva.
 21647 | Lair:7   | You fall through a shaft!
 21647 | Lair:8   | Entered Level 8 of the Lair of Beasts
 21796 | Lair:8   | Reached skill level 14 in Fire Magic
 21981 | Lair:8   | Found a labyrinth entrance.
 21990 | Lab      | Entered a labyrinth
 22295 | Lab      | Got a scintillating golden ring
 22296 | Lab      | Identified the cursed ring of the Raven {rN+ MP+9 Str+3 Int-3} (You took it off a minotaur in a labyrinth)
 22383 | Lab      | Got a warped flail
 22384 | Lab      | Identified the +9 flail of Charity {vamp, *Corrode rF- Str+4 Dex+9} (You found it in a labyrinth)
 22474 | Lair:8   | Reached skill level 5 in Fighting
 23334 | Lair:8   | Got a smelly chain mail
 23716 | Lair:8   | Identified a +0 pair of boots of running (You found it on level 8 of the Lair of Beasts)
 23815 | Lair:8   | Noticed a dire elephant
 23815 | Lair:8   | Noticed a dire elephant
 23825 | Lair:8   | Noticed a dire elephant
 23937 | Lair:8   | Noticed a dire elephant
 23956 | Lair:8   | Killed a dire elephant
 24028 | Lair:8   | Killed a dire elephant
 24194 | Lair:8   | Killed a dire elephant
 24267 | Lair:8   | Got an aquamarine-encrusted plate armour
 24280 | Lair:8   | Identified the +0 chain mail of Inviolability {-Tele rC+ Dex+3 Stlth+} (You found it on level 8 of the Lair of Beasts)
 24290 | Lair:8   | Identified the +0 plate armour of the Devil {*Drain rN+ Regen+} (You found it on level 8 of the Lair of Beasts)
 24606 | D:12     | Found a staircase to the Orcish Mines.
 24749 | D:12     | Reached XP level 14. HP: 107/107 MP: 30/32
 24888 | D:12     | Found Hagarein's Weapon Shoppe.
 25145 | D:13     | Got an ancient robe
 25164 | D:13     | Identified the +1 robe of the Soldier {rElec} (You found it on level 13 of the Dungeon)
 25215 | D:13     | Reached skill level 10 in Conjurations
 25467 | D:13     | Found a gate to the Vaults.
 25643 | D:13     | Noticed a frost giant
 25884 | Lair:1   | Reached skill level 5 in Armour
 25999 | Orc:1    | Entered Level 1 of the Orcish Mines
 26265 | Orc:1    | Reached skill level 10 in Spellcasting
 26623 | Orc:2    | Entered Level 2 of the Orcish Mines
 26752 | Orc:2    | Found a staircase to the Elven Halls.
 26908 | Orc:2    | Found Nyucash's Distillery.
 27530 | Orc:2    | Found Xuocun Mich's Food Emporium.
 28358 | Orc:2    | Reached skill level 15 in Fire Magic
 28363 | Orc:2    | Found Sidoutur's Gadget Boutique.
 28363 | Orc:2    | Found a one-way gate leading to the halls of Pandemonium.
 28363 | Orc:2    | Found Jeofrog's Antique Armour Shop.
 28762 | D:13     | Found Bepuas's Antique Weapon Emporium.
 28765 | D:13     | Bought a smoking long sword for 289 gold pieces
 28765 | D:13     | Identified the +10 long sword "Toittuad" {holy, rElec rPois rF+++ MP-9} (You bought it in a shop on level 13 of the Dungeon)
 29069 | D:13     | Killed from afar by a deep elf annihilator

Skill      XL: |  1  2  3  4  5  6  7  8  9 10 11 12 13 14 |
---------------+-------------------------------------------+-----
Conjurations   | 1 2 3 4 5 6 7 8 9 10 | 10.5
Fire Magic     | 3 4 5 6 7 8 9 10 12 13 14 15 | 15.1
Spellcasting   | 2 3 4 6 7 8 9 10 | 10.1
Long Blades    | 1 3 4 6 |  6.9
Dodging        | 4 5 7 |  7.9
Fighting       | 1 3 5 6 |  6.7
Armour         | 1 4 5 |  5.8
Stealth        | |  1.7

Action                   |  1- 3 |  4- 6 |  7- 9 | 10-12 | 13-15 || total
-------------------------+-------+-------+-------+-------+-------++-------
Melee: Unarmed           |    28 |       |       |       |       ||    28
       Spear             |       |    50 |   119 |    28 |       ||   197
       Falchion          |       |       |    80 |   209 |   415 ||   704
       Long sword        |       |       |       |       |    36 ||    36
 Fire: Blowgun           |       |       |       |    31 |    19 ||    50
Throw: Throwing net      |       |       |       |     2 |     3 ||     5
 Cast: Flame Tongue      |    74 |   113 |   169 |   349 |   236 ||   941
       Throw Flame       |       |     3 |    25 |    12 |     7 ||    47
       Conjure Flame     |       |    10 |    41 |    52 |    22 ||   125
       Inner Flame       |       |     5 |    29 |    32 |    13 ||    79
       Sticky Flame      |       |       |     6 |    64 |   128 ||   198
       Fireball          |       |       |       |    32 |    67 ||    99
       Mephitic Cloud    |       |       |       |       |    14 ||    14
Evoke: Wand              |       |       |       |     5 |     1 ||     6
  Use: Scroll            |       |       |     2 |    27 |    11 ||    40
       Potion            |       |       |     3 |     2 |     5 ||    10
 Stab: Sleeping          |       |     2 |     1 |     2 |       ||     5
       Distracted        |       |     1 |       |     1 |       ||     2
       Held in net/web   |       |       |       |     1 |     4 ||     5
       Confused          |       |       |       |       |     4 ||     4
  Eat: Chunk             |     4 |     8 |    16 |    28 |    23 ||    79
       Fruit             |       |     1 |     4 |       |       ||     5
       Beef jerky        |       |       |       |     5 |     3 ||     8
       Pizza             |       |       |       |     1 |     1 ||     2
       Royal jelly       |       |       |       |     2 |       ||     2
       Bread ration      |       |       |       |       |     4 ||     4
Armor: Robe              |    17 |    20 |    48 |    73 |       ||   158
       Ring mail         |       |       |       |    19 |   131 ||   150
Dodge: Dodged            |    50 |    33 |    88 |   199 |   455 ||   825
